 Dungeon Crawl Stone Soup version 0.30.0-11-gf55b779eaf (webtiles) character file.

Game seed: 11418547735926320980

7478 jasper the Covert (level 10, -2/51 HPs)
             Began as a Spriggan Venom Mage on May 16, 2023.
             Was a Priest of Fedhas.
             Slain by a wyvern (14 damage)
             ... on level 10 of the Dungeon.
             The game lasted 00:17:56 (10880 turns).

jasper the Covert (Spriggan Venom Mage)            Turns: 10880, Time: 00:17:56

Health: -2/51      AC:  6    Str:  4    XL:     10   Next: 94%
Magic:  19/21      EV: 23    Int: 25    God:    Fedhas [***...]
Gold:   227        SH:  0    Dex: 17    Spells: 5/23 levels left

rFire   + . .        v - +3 dagger (venom)
rCold   . . .        (no shield)
rNeg    . . .        J - +1 robe of a bazaar {Int+3 Dex+2}
rPois   .            (helmet restricted)
rElec   .            I - +2 cloak {Will+}
rCorr   .            (gloves unavailable)
SInv    +            (boots unavailable)
Will    ++...        (no amulet)
Stlth   +++++        c - +4 ring of slaying
HPRegen 0.28/turn    t - ring of protection from fire
MPRegen 0.17/turn

%: no passive effects
@: very quick
A: very small, no large weapons, unfitting armour, see invisible, speed 3
a: Renounce Religion, Wall of Briars, Grow Ballistomycete


You were on level 10 of the Dungeon.
You worshipped Fedhas.
Fedhas was most pleased with you.
You visited 1 branch of the dungeon, and saw 10 of its levels.

You collected 620 gold pieces.
You spent 393 gold pieces at shops.

Inventory:

Hand Weapons
 d - a +0 whip
 g - a +0 short sword
 h - a +0 dagger of venom
 k - a +4 short sword
 v - a +3 dagger of venom (weapon)
 y - a +3 quarterstaff of chaos
 G - a +4 dagger of holy wrath
Missiles
 A - 3 throwing nets
Armour
 a - a +1 robe
 z - a +2 cloak
 E - a +0 buckler
 I - a +2 cloak of willpower (worn)
 J - the +1 robe of a bazaar (worn) {Int+3 Dex+2}
   (You found it on level 9 of the Dungeon)

   Int:       It affects your intelligence (+3).
   Dex:       It affects your dexterity (+2).
Magical Staves
 i - a staff of death
Jewellery
 c - a +4 ring of slaying (left hand)
 t - a ring of protection from fire (right hand)
Wands
 u - a wand of polymorph (2)
Scrolls
 j - a scroll of amnesia
 q - a scroll of silence
 r - 3 scrolls of teleportation
 D - a scroll of enchant armour
 F - a scroll of fear
 H - a scroll of enchant weapon
Potions
 b - 2 potions of magic
 e - a potion of brilliance
 f - 5 potions of might
 l - 2 potions of cancellation
 m - 3 potions of lignification
 n - 2 potions of attraction
 o - 4 potions of haste
 p - 2 potions of heal wounds
 s - 2 potions of flight {unknown}
 w - 2 potions of mutation {unknown}
 x - 2 potions of berserk rage {unknown}
 B - 7 potions of curing
 C - a potion of degeneration {unknown}


   Skills:
 + Level 5.2 Fighting
 - Level 10.0 Dodging
 - Level 10.0 Stealth
 + Level 0.8 Shields
 + Level 7.1 Spellcasting
 - Level 1.0 Conjurations
 * Level 1.4 Summonings
 + Level 1.9 Translocations
 - Level 1.3 Transmutations
 - Level 1.0 Air Magic
 - Level 6.0 Poison Magic
 + Level 9.0 Invocations


You had 5 spell levels left.
You knew the following spells:

 Your Spells              Type           Power      Damage    Failure   Level
a - Sting                 Tmut/Pois      100%       1d8       1%          1
b - Poisonous Vapours     Pois/Air       52%        N/A       2%          2
c - Mephitic Cloud        Conj/Pois/Air  22%        N/A       7%          3
d - Olgreb's Toxic Radia  Pois           38%        N/A       5%          4
e - Apportation           Tloc           36%        N/A       3%          1
f - Sublimation of Blood  Necr           8%         N/A       10%         2
g - Summon Forest         Summ/Tloc      8%         N/A       67%         5

Your spell library contained the following spells:

 Spells                   Type           Power      Damage    Failure   Level
 Beastly Appendage        Tmut           30%        N/A       3%          1
 Summon Small Mammal      Summ           64%        N/A       3%          1
 Spider Form              Tmut/Pois      27%        N/A       4%          3
 Wereblood                Tmut           15%        N/A       6%          2
 Necrotise                Necr           32%        1d5       7%          1
 Inner Flame              Hex/Fire       8%         N/A       21%         3
 Petrify                  Tmut/Erth      12%        N/A       45%         4
 Flame Wave               Conj/Fire      11%        2d6       47%         4
 Sticky Flame             Conj/Fire      11%        2d3       47%         4
 Irradiate                Conj/Tmut      7%         3d14      75%         5
 Eringya's Noxious Bog    Tmut/Pois      13%        N/A       92%         6
 Summon Hydra             Summ           8%         N/A       100%        7


Dungeon Overview and Level Annotations

Branches:
Dungeon (10/15)            Temple (0/1) D:4            Lair (0/5) D:8
    Orc: D:9-12

Altars:
Dithmenos
Fedhas
Hepliaklqana
Makhleb
Nemelex Xobeh
Okawaru
Trog
Vehumet
Zin
The Shining One

Shops:
D:3 =   D:9 *!:[


Innate Abilities, Weirdness & Mutations

You are very small and have problems with some larger weapons.
You are too small for most types of armour.
You have supernaturally acute eyesight. (SInv)
You cover ground extremely quickly. (Speed+++)


Message History

Done exploring.
Done exploring.
Okay, then.
Casting: Olgreb's Toxic Radiance (dangerous; 5% risk of failure)
Confirm with . or Enter, or press ? or * to list all spells.
Okay, then.
You can't go down here!
You see here a +0 scale mail.
There is a stone staircase leading down here.
You climb downwards.
Found a chain mail.
There is a stone staircase leading up here.
As you open the door, it creaks loudly!
A wyvern comes into view.
The wyvern misses you.
Found 12 gold pieces.
A wyvern is nearby!
Casting: Olgreb's Toxic Radiance (dangerous; 5% risk of failure)
Confirm with . or Enter, or press ? or * to list all spells.
Aiming: Poisonous Vapours (safe; 2% risk of failure)
Press: ? - help, Dir - move target, f - wyvern
Aim: a wyvern Poisonous vapours surround the wyvern!
The wyvern is poisoned.
The wyvern bites you!
You take 8 damage, and have 43/51 hp.
You now have 19/21 mp.
You hit the wyvern.
The wyvern looks even sicker.
The wyvern is lightly wounded.
The wyvern barely misses you. The wyvern bites you.
You take 3 damage, and have 40/51 hp.
You hit the wyvern.
The wyvern looks as sick as possible!
The wyvern is moderately wounded.
The wyvern bites you!
You take 17 damage, and have 23/51 hp.
MASSIVE DAMAGE!!
You hit the wyvern.
The wyvern is severely wounded.
The wyvern bites you!
* * * LOW HITPOINT WARNING * * *
The wyvern bites you!
You die...
Fedhas appreciates your contribution to the ecosystem.

########
#......#
#......#
#.[....#
#<.....#
#.@##### ##l#
... .....
.$.....
.........
...........
........#####


You could see a wyvern (extremely poisoned).

Vanquished Creatures
  2 two-headed ogres (D:7)
  Joseph (D:7)
  A troll (D:7)
  Sigmund (D:4)
  2 wyverns
  A steam dragon (D:6)
  9 yaks (D:9)
  Edmund (D:5)
  2 ice beasts (D:6)
  A black bear (D:6)
  3 orc warriors
  3 sky beasts
  An ogre (D:6)
  A centaur (D:7)
  3 bullfrogs
  A kobold brigand (D:9)
  A gnoll sergeant (D:7)
  A scorpion (D:6)
  13 killer bees
  6 jellies
  8 orc priests
  3 iguanas (D:5)
  Crazy Yiuf (D:3)
  9 orc wizards
  7 gnolls
  7 adders
  A river rat (D:5)
  A shadow imp (D:5)
  5 white imps
  An ufetubus (D:7)
  3 worms
  A dart slug (D:2)
  40 orcs
  9 endoplasms
  8 giant cockroaches
  6 hobgoblins
  5 jackals
  2 quokkas
  8 ball pythons
  8 bats
  3 frilled lizards
  12 kobolds
  4 rats
206 creatures vanquished.

Vanquished Creatures (collateral kills)
  An acid dragon (D:9)
  12 wights (D:8)
13 creatures vanquished.

Grand Total: 219 creatures vanquished

Notes
Turn   | Place    | Note
-------+----------+-------------------------------------------
     0 | D:1      | jasper the Spriggan Venom Mage began the quest for the Orb.
     0 | D:1      | Reached XP level 1. HP: 9/9 MP: 5/5
    32 | D:1      | Found a faded altar of an unknown god.
   131 | D:1      | Prayed at the altar of an unknown god.
   131 | D:1      | Became a worshipper of Fedhas Madash
   131 | D:1      | Reached * piety under Fedhas
   542 | D:1      | Reached XP level 2. HP: 13/13 MP: 4/6
  1271 | D:2      | Reached ** piety under Fedhas
  1317 | D:2      | Reached XP level 3. HP: 16/16 MP: 8/8
  1332 | D:2      | Learned a level 2 spell: Poisonous Vapours
  1336 | D:2      | Learned a level 3 spell: Mephitic Cloud
  2223 | D:3      | Reached skill level 5 in Poison Magic
  2223 | D:3      | Reached XP level 4. HP: 19/21 MP: 1/9
  2371 | D:3      | Found a runed translucent door.
  2372 | D:3      | Noticed Crazy Yiuf
  2525 | D:3      | Found Panwisee's Jewellery Shoppe.
  3112 | D:3      | Killed Crazy Yiuf
  3206 | D:4      | Reached XP level 5. HP: 21/24 MP: 1/10
  3623 | D:4      | Reached *** piety under Fedhas
  3642 | D:4      | Learned a level 4 spell: Olgreb's Toxic Radiance
  3731 | D:4      | Reached skill level 1 in Conjurations
  3731 | D:4      | Reached skill level 1 in Air Magic
  3731 | D:4      | Reached XP level 6. HP: 16/28 MP: 3/12
  3746 | D:4      | Learned a level 1 spell: Apportation
  3856 | D:4      | Noticed Sigmund
  3872 | D:4      | Killed Sigmund
  3873 | D:4      | Reached skill level 1 in Invocations
  4025 | D:4      | Found a staircase to the Ecumenical Temple.
  4318 | D:5      | Entered Level 5 of the Dungeon
  4343 | D:5      | Reached skill level 1 in Fighting
  4540 | D:5      | Reached XP level 7. HP: 25/33 MP: 10/14
  4615 | D:5      | Noticed Edmund
  4635 | D:5      | Killed Edmund
  4775 | D:5      | Reached skill level 5 in Stealth
  5518 | D:6      | Reached **** piety under Fedhas
  5520 | D:6      | Reached XP level 8. HP: 39/39 MP: 8/15
  5584 | D:6      | Reached skill level 5 in Dodging
  5811 | D:6      | Reached skill level 5 in Invocations
  6575 | D:7      | Reached XP level 9. HP: 44/44 MP: 14/16
  6609 | D:7      | Found a burning altar of Makhleb.
  6662 | D:7      | Found a sparkling altar of Nemelex Xobeh.
  6665 | D:7      | Found a radiant altar of Vehumet.
  6668 | D:7      | Found a glowing silver altar of Zin.
  6923 | D:7      | Noticed Joseph
  6932 | D:7      | Reached ***** piety under Fedhas
  6933 | D:7      | Noticed a two-headed ogre
  6946 | D:7      | Killed Joseph
  7009 | D:7      | Killed a two-headed ogre
  7603 | D:7      | Noticed a troll
  7642 | D:7      | Killed a troll
  7643 | D:7      | Reached XP level 10. HP: 36/51 MP: 2/17
  7906 | D:7      | Noticed a two-headed ogre
  7936 | D:7      | Killed a two-headed ogre
  8225 | D:8      | Reached skill level 10 in Stealth
  8344 | D:8      | Reached skill level 5 in Fighting
  8629 | D:8      | Found a staircase to the Lair.
  9047 | D:8      | Learned a level 2 spell: Sublimation of Blood
  9131 | D:8      | Reached skill level 10 in Dodging
  9501 | D:9      | Found Beolothroep's Antique Armour Emporium.
  9503 | D:9      | Found Ycre's Book Emporium.
  9514 | D:9      | Reached skill level 5 in Spellcasting
  9671 | D:8      | Learned a level 5 spell: Summon Forest
  9792 | D:9      | Reached skill level 1 in Translocations
  9933 | D:9      | Bought a glowing cloak for 157 gold pieces
 10016 | D:9      | Found an iron altar of Okawaru.
 10019 | D:9      | Found a shadowy altar of Dithmenos.
 10033 | D:9      | Reached skill level 1 in Summonings
 10093 | D:9      | Found a hazy altar of Hepliaklqana.
 10094 | D:9      | Found a bloodstained altar of Trog.
 10097 | D:9      | Found a glowing golden altar of the Shining One.
 10166 | D:9      | Found Ciwot's Distillery.
 10169 | D:9      | Bought a potion of curing for 48 gold pieces
 10169 | D:9      | Bought a potion of haste for 160 gold pieces
 10187 | D:9      | Found Icvuanud's Assorted Antiques.
 10370 | D:9      | Bought a scroll labelled QYLOXU ULIQO for 28 gold pieces
 10579 | D:9      | Identified the +1 robe of a bazaar {Int+3 Dex+2}
 10874 | D:10     | Entered Level 10 of the Dungeon
 10880 | D:10     | Slain by a wyvern

Illustrated notes

Levels and vault maps discovered:
D:1:      nicolae_arrival_washed_ashore, layout_rooms,
          shapermc_ecumenical_altar_ellora, chequers_avenue, minmay_tromino_v4_a
D:2:      layout_basic, minmay_door_square
D:3:      layout_basic, serial_shops, shop_fountains, st_stairs_1,
          dreamdust_princess_bridge, minivault_24, uniq_crazy_yiuf_cottage
D:4:      layout_basic, temple_hall, kennysheep_doodads, chequers_big_river,
          minmay_circle_x, uniq_sigmund
D:5:      layout_cave_pools, portal_sewer_entry_e, uniq_edmund
D:6:      minmay_diamond_boxcup, layout_basic
D:7:      minmay_slanted_spiral_squares, layout_cave_pools,
          grunt_temple_overflow_cloverleaf, uniq_joseph
D:8:      layout_cave_pods, lair_entry_dummy
D:9:      layout_basic, grunt_temple_overflow_open, serial_shops,
          nicolae_shop_waterfront, nicolae_stop_n_shop_1, shop, shop_coins,
          dreamdust_deal_with_the_devil, kennysheep_cluttered_room,
          minmay_misc_feat_hallway
D:10:     layout_gridville

Skill      XL: |  1  2  3  4  5  6  7  8  9 10 |
---------------+-------------------------------+-----
Poison Magic   | 4 5 6 |  6.0
Spellcasting   | 3 4 7 |  7.1
Conjurations   | 1 |  1.0
Air Magic      | 1 |  1.0
Dodging        | 3 4 6 8 10 | 10.0
Invocations    | 2 4 6 8 9 |  9.0
Fighting       | 1 2 3 4 5 |  5.2
Stealth        | 4 5 7 9 10 | 10.0
Translocations | 1 |  1.9
Summonings     | 1 |  1.4
Shields        | |  0.8
Transmutations | |  1.3

Action                     |  1- 3 |  4- 6 |  7- 9 | 10-12 || total
---------------------------+-------+-------+-------+-------++-------
  Melee: Unarmed           |     4 |       |       |       ||     4
         Dagger            |    40 |    58 |    93 |    63 ||   254
         Punch             |       |       |     2 |     1 ||     3
   Cast: Sting             |    54 |    38 |    35 |     3 ||   130
         Poisonous Vapours |    10 |    13 |    47 |     8 ||    78
         Olgreb's Toxic Ra |       |     4 |    23 |    17 ||    44
         Mephitic Cloud    |       |       |     1 |     6 ||     7
 Invoke: Overgrow          |       |       |       |     4 ||     4
    Use: Scroll            |     2 |    10 |     1 |     7 ||    20
   Stab: Sleeping          |     3 |     1 |     7 |     1 ||    12
         Confused          |       |       |     1 |       ||     1
         Distracted        |       |       |       |     1 ||     1
 Armour: Robe              |     4 |    13 |    11 |     3 ||    31
  Dodge: Dodged            |    55 |    57 |   107 |    70 ||   289
